Map: Cyber Forest LE

Players

Milamber - Winner!

  • Race: Protoss Protoss
  • League: Master
  • Spawn Location: 11:00

SpawningG

  • Race: Terran Terran
  • Spawn Location: 5:00

VOD

Have the link to the VOD?

Description

Time

  • Played on: Aug. 20, 2019, 1:23 p.m.
  • Length: 20:16
Show
View Real Time Build Order
Export as new Build Order

Milamber Protoss - Winner!

Build Orders:  

Get SALT Encoding   

  1  0:00  Probe  
  12  0:06  Probe  
  14  0:21  Pylon  
  14  0:23  Probe  
  15  0:39  Probe  
  15  0:42  Forge  
  16  0:57  Pylon  
  16  1:07  Pylon  
  16  1:09  Pylon  
  16  1:20  Photon Cannon  
  16  1:25  Gateway  
  16  1:31  Pylon  
  16  1:52  Photon Cannon  
  16  2:01  Probe  
  17  2:10  Probe  
  17  2:11  Assimilator  
  17  2:14  Photon Cannon  
  17  2:15  Assimilator  
  18  2:18  Probe  
  19  2:32  Photon Cannon  
  19  2:36  Probe  
  20  2:44  Probe  
  20  2:45  Cybernetics Core  
  21  2:57  Photon Cannon  
  21  3:00  Zealot  
  23  3:10  Probe  
  24  3:22  Probe  
  25  3:27  Shield Battery  
  25  3:42  Probe, Stargate  
  26  3:52  Adept  
  28  3:58  Shield Battery  
  28  4:06  Photon Cannon  
  28  4:07  Shield Battery  
  28  4:21  Void Ray  
  28  4:25  Shield Battery  
  32  4:45  Photon Cannon  
  32  4:58  Shield Battery  
  28  5:00  Fleet Beacon  
  28  5:02  Pylon  
  28  5:29  Shield Battery  
  28  5:31  Photon Cannon  
  28  5:35  Tempest  
  28  5:49  Photon Cannon  
  33  5:52  Shield Battery  
  33  6:12  Tempest  
  38  6:48  Tempest  
  38  7:01  Nexus  
  43  7:11  Shield Battery  
  43  7:29  Photon Cannon  
  43  7:31  Protoss Air Weapons Level 1  
  43  7:32  Photon Cannon  
  43  7:44  Pylon  
  43  8:04  Tempest  
  48  8:22  Photon Cannon  
  48  8:24  Shield Battery  
  48  8:38  Tempest  
  44  8:57  Pylon  
  44  9:00  Probe x2  
  46  9:12  Probe x2  
  48  9:22  Tempest, Photon Cannon  
  48  9:23  Shield Battery  
  53  9:45  Photon Cannon  
  53  9:59  Probe x2  
  55  10:04  Tempest  
  60  10:07  Probe  
  60  10:11  Probe  
  62  10:20  Adept  
  64  10:23  Probe  
  65  10:47  Tempest  
  70  11:00  Pylon  
  70  11:09  Nexus  
  70  11:11  Assimilator  
  70  11:12  Pylon  
  70  11:15  Assimilator  
  70  11:18  Probe x2  
  72  11:30  Probe  
  73  11:33  Tempest  
  78  11:40  Probe  
  78  11:42  Probe  
  78  11:44  Photon Cannon  
  80  11:47  Shield Battery  
  80  12:02  Probe  
  80  12:03  Probe  
  80  12:07  Photon Cannon  
  82  12:11  Shield Battery  
  82  12:13  Photon Cannon  
  82  12:16  Oracle  
  84  13:11  Tempest  
  89  13:13  Probe  
  89  13:14  Probe  
  91  13:21  Probe  
  91  13:24  Probe  
  93  13:40  Pylon  
  93  13:41  Pylon  
  93  13:43  Assimilator x2  
  93  13:44  Pylon  
  93  13:58  Tempest, Probe x3  
  98  14:31  Shield Battery  
  98  14:32  Shield Battery  
  98  14:34  Pylon  
  98  14:41  Tempest  
  89  15:21  Probe  
  89  15:24  Tempest  
  89  15:25  Probe  
  96  15:29  Probe  
  87  15:38  Nexus  
  87  15:40  Pylon  
  72  15:43  Pylon  
  72  15:45  Assimilator  
  72  15:49  Assimilator  
  72  15:53  Pylon  
  72  15:55  Pylon  
  72  15:57  Pylon  
  72  16:06  Tempest  
  77  16:41  Protoss Air Weapons Level 2  
  77  16:49  Tempest  
  82  16:58  Stargate x2  
  82  17:01  Photon Cannon  
  82  17:03  Pylon  
  82  17:07  Photon Cannon x3  
  82  17:09  Shield Battery  
  82  17:12  Shield Battery  
  82  17:41  Tempest  
  82  17:42  Tempest x2  
  97  17:44  Mothership  
  97  17:46  Probe  
  101  17:58  Probe  
  92  18:04  Gateway  
  92  18:05  Gateway  
  92  18:07  Gateway  
  92  18:09  Gateway  
  92  18:20  Nexus  
  92  18:22  Tempest x3  
  92  18:23  Pylon  
  92  18:26  Pylon  
  92  18:29  Assimilator  
  92  18:33  Assimilator  
  107  18:37  Pylon  
  107  18:40  Pylon  
  106  19:03  Tempest  
  111  19:18  Shield Battery  
  111  19:20  Photon Cannon  
  111  19:21  Photon Cannon  
  111  19:23  Shield Battery  
  111  19:31  Tempest x2  
  109  19:34  Photon Cannon  
  109  19:35  Probe x2  
  109  19:36  Photon Cannon  
  111  19:38  Probe  
  111  19:39  Photon Cannon  
  111  19:41  Photon Cannon  
  111  19:43  Shield Battery  
  111  19:45  Shield Battery  
  122  19:47  Probe  
  122  19:48  Shield Battery  
Show
View Real Time Build Order
Export as new Build Order

SpawningG Terran 

Build Orders:  

Get SALT Encoding   

  12  0:00  SCV  
  13  0:12  SCV  
  14  0:17  Supply Depot  
  14  0:25  SCV  
  15  0:39  SCV  
  15  0:40  Barracks  
  16  0:45  Refinery  
  16  0:51  SCV  
  17  1:03  SCV  
  18  1:15  SCV  
  19  1:39  Orbital Command  
  20  1:48  Supply Depot, Marine  
  20  1:53  Bunker  
  20  2:06  SCV  
  20  2:08  Factory  
  21  2:09  Marine  
  21  2:32  SCV  
  21  2:33  Marine  
  21  2:35  Barracks  
  23  2:56  Marine  
  23  2:58  Factory Tech Lab  
  24  3:00  SCV  
  25  3:12  SCV  
  26  3:18  Barracks Tech Lab, Command Center  
  26  3:24  SCV  
  26  3:26  Siege Tank  
  30  3:45  SCV  
  31  3:50  Supply Depot  
  31  4:00  Stimpack  
  31  4:12  Marauder  
  31  4:13  SCV  
  31  4:15  Marine  
  35  4:36  Siege Tank, Marine x2  
  40  4:44  Supply Depot  
  36  5:02  Marine  
  36  5:03  Marauder, SCV  
  36  5:06  Refinery  
  40  5:08  Supply Depot  
  40  5:11  Barracks  
  36  5:32  Barracks Reactor, Marine  
  37  5:36  Orbital Command  
  35  5:50  Starport  
  33  6:09  Marine x2  
  33  6:10  Engineering Bay, Marine  
  35  6:11  Marine  
  33  6:21  SCV x2  
  33  6:26  Viking  
  33  6:27  Marine x2  
  33  6:28  Command Center  
  34  6:37  Missile Turret  
  34  6:38  Marine x2  
  33  6:44  Widow Mine  
  33  6:45  Marine  
  31  6:50  Marine  
  30  6:56  Marine  
  30  7:05  Marine x2  
  30  7:08  Marine  
  33  7:14  Marine  
  30  7:17  Orbital Command  
  29  7:23  Marine  
  29  7:27  Marine  
  29  7:28  Marine  
  31  7:37  Marine  
  31  7:43  Marine  
  33  7:45  Marine  
  33  7:55  Marine  
  33  7:56  Marine  
  28  8:08  Marine  
  28  8:12  Medivac  
  28  8:14  Marine x2  
  28  8:18  Orbital Command  
  30  8:21  Marine  
  28  8:29  SCV  
  28  8:32  Marine x2  
  25  8:53  Marine x3  
  27  8:58  SCV  
  27  9:00  SCV  
  27  9:02  Barracks x2  
  24  9:10  SCV  
  24  9:11  Marine  
  24  9:12  SCV  
  23  9:19  Marine x2  
  25  9:24  SCV  
  25  9:28  Marine  
  25  9:36  Orbital Command, SCV  
  25  9:37  Marine x2  
  25  9:45  SCV  
  26  9:46  Marine  
  26  9:48  SCV  
  30  9:55  Barracks Tech Lab, Marine  
  29  10:00  SCV  
  29  10:03  Marine x2  
  29  10:04  Marine  
  33  10:12  SCV x2  
  35  10:16  Barracks  
  35  10:17  Marine, Barracks  
  35  10:18  Marine  
  35  10:19  Barracks  
  37  10:24  SCV  
  37  10:25  Marine, SCV  
  36  10:36  SCV  
  36  10:40  Marine x3  
  41  10:42  Marine  
  41  10:53  SCV x2  
  41  10:54  Refinery  
  42  11:05  Marine x2, SCV  
  42  11:08  Marine  
  42  11:09  Marine x2  
  46  11:23  Marine  
  44  11:39  Marine x2  
  46  11:48  Supply Depot  
  46  11:49  Supply Depot x2  
  46  11:50  Supply Depot  
  46  11:57  Marine  
  46  12:01  Marine x2  
  38  12:10  SCV x2  
  38  12:14  Marine  
  41  12:18  Marine  
  41  12:20  Widow Mine  
  44  12:27  Marine x3  
  47  12:32  Marine  
  47  12:34  Supply Depot  
  47  12:35  Supply Depot  
  48  12:38  Marine  
  49  12:45  Marine x2  
  43  12:52  Marine x2  
  44  13:03  Marine x2  
  45  13:10  Marine  
  45  13:11  Medivac  
  48  13:14  Marine  
  48  13:17  Barracks Tech Lab  
  48  13:19  Orbital Command, SCV  
  48  13:24  Marine  
  48  13:25  Marine  
  50  13:31  SCV  
  51  13:39  Marine x2  
  54  13:43  Barracks  
  54  13:47  Barracks  
  54  13:48  Marine  
  55  13:56  Marine  
  55  13:59  SCV  
  56  14:14  Marine x3  
  56  14:15  Marine  
  48  14:30  Medivac  
  50  14:32  Marine x2, SCV x2  
  50  14:35  Marine x2  
  55  14:45  Marine  
  53  14:53  Marine x4  
  53  14:55  Orbital Command  
  53  14:57  Orbital Command  
  53  15:21  Marine x5  
  48  15:22  Medivac  
  44  15:39  Marine x5  
  29  15:56  Medivac, Marine  
  29  15:57  Marine x4  
  28  16:14  Barracks, Marine x2  
  28  16:15  Marine  
  28  16:16  Marine, Barracks x2  
  28  16:17  Barracks x2  
  30  16:32  Marine x2  
  31  16:34  Marine  
  34  16:40  Orbital Command  
  34  16:41  Orbital Command  
  35  16:53  Marine x2  
  38  16:56  Orbital Command  
  37  17:14  Marine x3  
  37  17:15  Marine x4  
  42  17:32  Marine x3  
  44  17:38  Command Center  
  44  17:42  Marine x3  
  48  17:50  Marine  
  48  17:56  Marine x2  
  49  18:00  Marine x3  
  52  18:08  Marine  
  53  18:14  Marine x2  
  55  18:26  Supply Depot  
  55  18:28  Marine  
  55  18:29  Marine x3  
  59  18:34  Supply Depot  
  59  18:35  Marine x2  
  61  18:46  Marine  
  62  19:01  SCV  
  64  19:04  Orbital Command  
  64  19:06  Marine x2  
  64  19:07  Marine x3  
  64  19:08  Marine  
  69  19:13  SCV  
  65  19:33  SCV x2  
  65  19:34  Marine x6  
  73  19:51  Marine  
  73  19:52  Marine x2  
Tags
 
League
Master
Matchup
PvT
Spawn Locations
Cross Positions
Add a new tag
Caveats
  • Supply blocks, unpowered buildings, or Contaminate may cause inaccurate times.
  • Supply counts are checked every 10 seconds.